Map: Catallena LE (Void)

Players

Striker - Winner!

  • Race: Protoss Protoss
  • League: Silver
  • Spawn Location: 9:00

Winthrowe

  • Race: Protoss Protoss
  • League: Silver
  • Spawn Location: 12:00

VOD

Have the link to the VOD?

Description

Time

  • Played on: Aug. 30, 2017, 9:45 p.m.
  • Length: 6:03
Show
View Real Time Build Order
Export as new Build Order

Striker Protoss - Winner!

Build Orders:  

Get SALT Encoding   

  12  0:04  Probe (Chrono Boost)  
  13  0:22  Pylon, Probe (Chrono Boost)  
  14  0:29  Pylon  
  14  0:33  Probe (Chrono Boost)  
  15  0:47  Gateway  
  15  0:49  Probe (Chrono Boost)  
  16  1:06  Probe (Chrono Boost)  
  17  1:11  Assimilator  
  17  1:17  Gateway  
  17  1:26  Probe (Chrono Boost)  
  18  1:34  Forge  
  18  1:36  Probe (Chrono Boost)  
  19  1:40  Zealot  
  22  1:47  Pylon, Probe (Chrono Boost)  
  22  2:00  Cybernetics Core  
  22  2:06  Zealot  
  24  2:13  Assimilator  
  24  2:18  Zealot  
  26  2:29  Probe (Chrono Boost)  
  27  2:39  Probe (Chrono Boost)  
  27  2:42  Gateway  
  28  2:50  Probe (Chrono Boost)  
  29  2:53  Warp Gate  
  29  3:00  Pylon  
  29  3:21  Nexus  
  29  3:32  Zealot  
  31  3:36  Protoss Ground Weapons Level 1 (Chrono Boost)  
  31  3:46  Gateway  
  31  3:51  Zealot  
  31  4:05  Stalker  
  31  4:07  Stalker  
  33  4:17  Probe  
  34  4:29  Probe  
  34  4:30  Stalker  
  37  4:35  Probe  
  38  4:41  Probe  
  39  4:45  Probe  
  40  4:53  Probe  
  40  4:56  Probe  
  42  5:05  Probe  
  42  5:06  Probe  
  44  5:17  Probe  
  45  5:27  Pylon  
  45  5:29  Pylon  
  45  5:31  Probe  
  45  5:32  Robotics Facility  
  46  5:41  Assimilator  
  46  5:42  Assimilator, Probe  
  46  5:48  Probe  
  47  5:59  Stalker  
  47  6:00  Stalker  
Show
View Real Time Build Order
Export as new Build Order

Winthrowe Protoss 

Build Orders:  

Get SALT Encoding   

  12  0:02  Probe (Chrono Boost)  
  13  0:13  Probe (Chrono Boost)  
  14  0:23  Pylon  
  14  0:26  Assimilator  
  14  0:29  Probe (Chrono Boost)  
  15  0:41  Probe (Chrono Boost)  
  16  0:52  Gateway, Probe (Chrono Boost)  
  17  1:02  Probe (Chrono Boost)  
  18  1:13  Probe (Chrono Boost)  
  19  1:23  Probe (Chrono Boost)  
  20  1:34  Probe (Chrono Boost)  
  21  1:44  Probe (Chrono Boost)  
  21  1:45  Cybernetics Core  
  22  1:49  Assimilator  
  22  1:55  Probe (Chrono Boost)  
  23  2:06  Pylon  
  23  2:24  Zealot, Probe (Chrono Boost)  
  23  2:25  Warp Gate (Chrono Boost)  
  26  2:34  Probe (Chrono Boost)  
  27  2:44  Nexus  
  27  2:45  Probe (Chrono Boost)  
  27  2:51  Zealot  
  30  2:55  Probe (Chrono Boost)  
  31  3:02  Gateway  
  31  3:22  Pylon  
  31  3:25  Pylon  
  31  3:28  Stalker  
  31  3:33  Probe  
  30  3:45  Mothership Core  
  22  4:05  Probe  
  22  4:06  Probe  
  24  4:16  Probe  
  24  4:19  Probe  
  26  4:26  Probe  
  26  4:28  Pylon  
  26  4:31  Probe  
  28  4:37  Probe  
  28  4:43  Probe  
  30  4:47  Probe  
  31  4:55  Probe  
  31  4:58  Probe  
  33  5:07  Probe  
  33  5:08  Probe  
  33  5:11  Zealot, Nexus  
  33  5:12  Zealot  
  39  5:31  Gateway  
  39  5:35  Gateway  
  39  5:37  Gateway  
  39  5:39  Gateway  
Tags
 
Add a new tag
Caveats
  • Supply blocks, unpowered buildings, or Contaminate may cause inaccurate times.
  • Supply counts are checked every 10 seconds.